 Dungeon Sprint DCSS version 0.23.2-1-ga50397a6bc (webtiles) character file.

Game seed: 15542431325981229297

17682 Kobolds4U the Severer (level 12, -9/106 HPs)
             Began as a Demonspawn Berserker on May 21, 2019.
             Was the Champion of Trog.
             Mangled by a lorocyproca (18 damage)
             ... in the Dungeon (Sprint I: "Red Sonja").
             The game lasted 00:20:20 (4155 turns).

Kobolds4U the Severer (Demonspawn Berserker)        Turns: 4155, Time: 00:20:20

Health: -9/106     AC: 17    Str: 18    XL:     12   Next: 21%
Magic:  0/14       EV:  7    Int:  9    God:    Trog [******]
Gold:   451        SH:  4    Dex: 20    Spells: 11/11 levels left

rFire    + + .     SeeInvis .   l - +11 battleaxe "Inisyinu" {chop, rElec MR+ Dex+3}
rCold    . . .     Gourm    .   (shield currently unavailable)
rNeg     . . .     Faith    .   k - +0 plate armour
rPois    .         Spirit   +   (no helmet)
rElec    +         Reflect  +   u - +2 cloak {+Inv}
rCorr    .         Harm     .   (no gloves)
MR       +++..     NoTele   +   (no boots)
Stlth    ..........             v - +4 amulet of reflection
HPRegen  1.27/turn              a - ring of protection from fire
MPRegen  0.28/turn              x - ring of protection from fire

@: regenerating
A: claws 1, talons 2, slimy green scales 2, deformed body, low mp 2, powered by
death 1, magic shield, magic regeneration
a: Berserk, Trog's Hand, Brothers in Arms, Renounce Religion, Evoke Invisibility


You were in the Dungeon.
You worshipped Trog.
Trog was exalted by your worship.
You were hungry.

You visited 1 branch You collected 1903 gold pieces.
You spent 1452 gold pieces at shops.

Inventory:

Hand Weapons
 j - a +2 antimagic battleaxe
 l - the +11 battleaxe "Inisyinu" (weapon) {chop, rElec MR+ Dex+3}
   (You found it in the Dungeon)

   It inflicts extra damage upon your enemies.
   It affects your dexterity (+3).
   It insulates you from electricity.
   It affects your resistance to hostile enchantments.
 m - the +2 triple sword of Untimely Demise {drain, rF++}
   (Trog gifted it to you in the Dungeon)

   A truly terrible weapon, it drains the life of those it strikes.
   It greatly protects you from fire.
 n - a +5 antimagic long sword
 o - a +3 executioner's axe of venom
 y - a +2 great sword of flaming
Missiles
 r - 7 javelins of returning (quivered)
Armour
 k - a +0 plate armour (worn)
 u - a +2 cloak of invisibility (worn)
Jewellery
 a - a ring of protection from fire (left claw)
 t - a +4 ring of evasion
 v - a +4 amulet of reflection (around neck)
 x - a ring of protection from fire (right claw)
Wands
 e - a wand of disintegration (16)
Scrolls
 f - a scroll of fear {unknown}
 i - a scroll of blinking
 s - 2 scrolls of identify {unknown}
Potions
 b - a potion of mutation
 d - 2 potions of curing
 g - 2 potions of magic
 h - a potion of berserk rage
 z - a potion of invisibility {unknown}
Miscellaneous
 p - a sack of spiders
 q - a lamp of fire
Comestibles
 c - 3 rations
 w - 3 chunks of flesh


   Skills:
 + Level 13.9 Fighting
 - Level 12.0 Long Blades
 * Level 17.5 Axes
 + Level 12.6 Armour
 - Level 1.7 Dodging
 - Level 8.4 Evocations


You had 11 spell levels left.
You didn't know any spells.
Your spell library was empty.

Dungeon Overview and Level Annotations

Branches:
Dungeon (1/1)

Altars:
Cheibriados
Dithmenos
Elyvilon
Fedhas
Gozag
Hepliaklqana
Kikubaaqudgha
Makhleb
Nemelex Xobeh
Okawaru
Qazlal
Ru
Sif Muna
Trog
Uskayaw
Vehumet
Wu Jian
Xom
Yredelemnul
Zin
The Shining One
Jiyva
Lugonu

Shops:
D *=[%=:%}(=}[:*=


Innate Abilities, Weirdness & Mutations

You have razor-sharp toenails.
You are mostly covered in slimy green scales. (AC +3)
You regenerate a little health from kills.
When hurt, damage is shared between your health and your magic reserves.
You regenerate magic rapidly.
You have sharp fingernails.
Armour fits poorly on your strangely shaped body.
Your magical capacity is very low. (-20% MP)


Message History

Something smites you!
* * * LOW HITPOINT WARNING * * *
Something hits you!
* * * LOW HITPOINT WARNING * * *
You feel your power leaking away.
It was a potion of mutation.
You feel extremely strange.
Your body twists and deforms.
You feel less energetic. x2
Your fingernails lengthen.
Something hits you but does no damage.
Your skin crawls.
You feel resistant to hostile enchantments.
You feel somewhat more hungry.
The meliai mumbles some strange prayers to its god against you.
Something smites you!
* * * LOW HITPOINT WARNING * * *
Something hits you.
* * * LOW HITPOINT WARNING * * *
As you open the door, it creaks loudly! Something hits you!!
You die...

#################################
#__#..')..#.(#§§§.§§§§...'..#^^+.
'..'..#)..##'#§####§§.§.##..'^^#§
#__####...'§.#.# ##§.§#######+#§
####§.#####§§§§#+#$###+#[$$## .#§
#§§§§)#..##°####^.$#y#.##$$$# .##
§§§§§§'..#○°○☼○#..$###..###$# .≈#
#§§§§)#..#°°°○^'@{$$$##.#A#$# .≈
##+#####§###.°○#^....#..###$# .≈.
# #.'.#..^###++##.##..$# .≈# #
###.#^.## #.)#'### # #.#.^#
##...# # ##########.##+# ###.# .
#.......##.# #.# #. #......§.'.#
#.# ## #'''######§# ####'# #


You could see a meliai.

Vanquished Creatures
  4 fire giants (D)
  A hydra (D)
  2 centaur warriors (D)
  7 unseen horrors (D)
  A lindwurm (D)
  An oklob plant (D)
  A merfolk siren (D)
  A gargoyle (D)
  3 demonic crawlers (D)
  2 kobold demonologists (D)
  A hellwing (D)
  A hornet (D)
  A slime creature (D)
  Sigmund (D)
  2 redbacks (D)
  A yak (D)
  13 hogs (D)
  3 floating eyes (D)
  An ogre (D)
  7 necrophages (D)
  8 jellies (D)
  Ijyb (D)
63 creatures vanquished.

Vanquished Creatures (collateral kills)
  A demonic crawler (D)
1 creature vanquished.

Vanquished Creatures (others)
  the Lernaean hydra (D)
  A merfolk siren (D)
  A gargoyle (D)
  4 hornets (D)
7 creatures vanquished.

Grand Total: 71 creatures vanquished

Notes
Turn   | Place    | Note
-------+----------+-------------------------------------------
     0 | D        | Kobolds4U the Demonspawn Berserker began the quest for the
                  | Orb.
     0 | D        | Reached XP level 1. HP: 18/18 MP: 1/1
     1 | D        | Noticed Ijyb
    10 | D        | Killed Ijyb
    10 | D        | Reached skill level 5 in Long Blades
    10 | D        | Gained mutation: You have sharp toenails. [demonic
                  | ancestry]
    10 | D        | Reached XP level 2. HP: 24/24 MP: 2/2
    91 | D        | Noticed an ogre
    95 | D        | Killed an ogre
    95 | D        | Gained mutation: When hurt, damage is shared between your
                  | health and your magic reserves. [demonic ancestry]
    95 | D        | Reached XP level 3. HP: 29/29 MP: 3/3
    95 | D        | Reached XP level 4. HP: 35/35 MP: 4/4
   147 | D        | Noticed Sigmund
   153 | D        | Killed Sigmund
   153 | D        | Reached ** piety under Trog
   153 | D        | Gained mutation: You regenerate magic rapidly. [demonic
                  | ancestry]
   153 | D        | Reached XP level 5. HP: 41/41 MP: 3/5
   153 | D        | Reached XP level 6. HP: 47/47 MP: 3/6
   245 | D        | Found an ornate altar of the Wu Jian Council.
   245 | D        | Found a deep blue altar of Sif Muna.
   247 | D        | Found a radiant altar of Vehumet.
   250 | D        | Got a twisted battleaxe
   257 | D        | Identified the +11 battleaxe "Inisyinu" {chop, rElec MR+
                  | Dex+3} (You found it in the Dungeon)
   286 | D        | Found Igyeckua's General Store.
   286 | D        | Found an ancient bone altar of Kikubaaqudgha.
   286 | D        | Found a hazy altar of Hepliaklqana.
   286 | D        | Found a stormy altar of Qazlal.
   286 | D        | Found a hide-covered altar of Uskayaw.
   286 | D        | Found a blossoming altar of Fedhas.
   286 | D        | Found a bloodstained altar of Trog.
   286 | D        | Found an iron altar of Okawaru.
   286 | D        | Found a basalt altar of Yredelemnul.
   286 | D        | Found a glowing golden altar of the Shining One.
   286 | D        | Found a snail-covered altar of Cheibriados.
   286 | D        | Found a sacrificial altar of Ru.
   286 | D        | Found a glowing silver altar of Zin.
   286 | D        | Found a shadowy altar of Dithmenos.
   286 | D        | Found a white marble altar of Elyvilon.
   286 | D        | Noticed a yak
   287 | D        | Found an opulent altar of Gozag.
   290 | D        | Killed a yak
   290 | D        | Reached skill level 5 in Axes
   291 | D        | Found a sparkling altar of Nemelex Xobeh.
   297 | D        | Bought a potion of heal wounds for 50 gold pieces
   351 | D        | Found a viscous altar of Jiyva.
   351 | D        | Found a corrupted altar of Lugonu.
   351 | D        | Noticed a slime creature
   352 | D        | Found a burning altar of Makhleb.
   352 | D        | Found a shimmering altar of Xom.
   356 | D        | Killed a slime creature
   356 | D        | Reached *** piety under Trog
   356 | D        | Reached skill level 7 in Axes
   356 | D        | Gained mutation: You are partially covered in slimy green
                  | scales. (AC +2) [demonic ancestry]
   356 | D        | Reached XP level 7. HP: 42/52 MP: 5/7
   424 | D        | Noticed a kobold demonologist
   424 | D        | Noticed a kobold demonologist
   426 | D        | Reached skill level 8 in Axes
   428 | D        | Noticed a sixfirhy
   428 | D        | Killed a kobold demonologist
   428 | D        | Reached skill level 5 in Fighting
   429 | D        | Killed a kobold demonologist
   429 | D        | Reached **** piety under Trog
   429 | D        | Reached skill level 9 in Axes
   429 | D        | Reached skill level 5 in Armour
   429 | D        | Reached XP level 8. HP: 65/65 MP: 8/8
   434 | D        | Noticed a demonic crawler
   434 | D        | Noticed a demonic crawler
   434 | D        | Noticed a demonic crawler
   434 | D        | Noticed a demonic crawler
   435 | D        | Killed a demonic crawler
   438 | D        | Killed a demonic crawler
   438 | D        | Reached skill level 10 in Axes
   441 | D        | Killed a demonic crawler
   444 | D        | Killed a demonic crawler
   444 | D        | Reached skill level 11 in Axes
   444 | D        | Gained mutation: You have razor-sharp toenails. [demonic
                  | ancestry]
   444 | D        | Reached XP level 9. HP: 52/74 MP: 6/9
   550 | D        | Noticed a lindwurm
   559 | D        | Killed a lindwurm
   559 | D        | Reached ***** piety under Trog
   745 | D        | Reached skill level 12 in Axes
   753 | D        | Received a gift from Trog
   761 | D        | Reached skill level 10 in Fighting
   764 | D        | Reached skill level 13 in Axes
   764 | D        | Reached XP level 10. HP: 80/85 MP: 8/10
   770 | D        | Received a gift from Trog
   784 | D        | Got a shimmering triple sword {god gift}
   788 | D        | Identified the +2 triple sword of Untimely Demise {drain,
                  | rF++} (Trog gifted it to you in the Dungeon)
   829 | D        | Identified the -3 large shield of Anaesthesia {rElec rPois
                  | rC- rN+++}
   829 | D        | Noticed a daeva
   887 | D        | Noticed a gargoyle
   903 | D        | Killed a gargoyle
  1050 | D        | Noticed a centaur warrior
  1050 | D        | Noticed a centaur warrior
  1054 | D        | Killed a centaur warrior
  1056 | D        | Killed a centaur warrior
  1056 | D        | Reached skill level 14 in Axes
  1194 | D        | Reached skill level 10 in Armour
  1236 | D        | Noticed an oklob plant
  1242 | D        | Killed an oklob plant
  1319 | D        | Reached ****** piety under Trog
  1319 | D        | Received a gift from Trog
  1392 | D        | Received a gift from Trog
  1421 | D        | Reached skill level 15 in Axes
  1465 | D        | Received a gift from Trog
  1465 | D        | Gained mutation: You regenerate a little health from kills.
                  | [demonic ancestry]
  1465 | D        | Reached XP level 11. HP: 93/95 MP: 11/11
  1467 | D        | Identified the Reference Book on Feathers and Heat
  1490 | D        | Found Deckikua's Armour Shoppe.
  1490 | D        | Found Eqavaysm's Jewellery Shop.
  1490 | D        | Found Temilyoth's Food Boutique.
  1492 | D        | Found Buucobrir's Jewellery Emporium.
  1492 | D        | Found Yrarphoad's Book Shop.
  1492 | D        | Found Zyvyll's Food Shoppe.
  1492 | D        | Found Zeedohez's Gadget Boutique.
  1492 | D        | Found Taenauh's Weapon Emporium.
  1492 | D        | Found Ihaorauplu's Jewellery Shop.
  1492 | D        | Found Buxo's Gadget Shoppe.
  1494 | D        | Bought a ration for 55 gold pieces
  1494 | D        | Bought a ration for 55 gold pieces
  1494 | D        | Bought a ration for 55 gold pieces
  1498 | D        | Found Plog's Armour Boutique.
  1499 | D        | Found Deivugh's General Store.
  1499 | D        | Found Yshatops's Book Boutique.
  1500 | D        | Found Voguxtoc's Jewellery Emporium.
  1509 | D        | Bought a +4 ring of evasion for 396 gold pieces
  1519 | D        | Bought a +2 cloak of invisibility for 215 gold pieces
  1541 | D        | Killed an unseen horror
  1562 | D        | Killed an unseen horror
  1562 | D        | Received a gift from Trog
  1734 | D        | Noticed a 12-headed hydra
  1740 | D        | Killed a 15-headed hydra
  2450 | D        | Bought a +4 amulet of reflection for 351 gold pieces
  2514 | D        | Noticed a deep elf annihilator
  2532 | D        | Noticed the 27-headed Lernaean hydra
  2533 | D        | Reached skill level 5 in Evocations
  2778 | D        | Noticed a golden dragon
  2888 | D        | Killed an unseen horror
  2888 | D        | Received a gift from Trog
  2893 | D        | Killed an unseen horror
  2893 | D        | Reached skill level 16 in Axes
  2896 | D        | Killed an unseen horror
  2901 | D        | Killed an unseen horror
  2911 | D        | Killed an unseen horror
  2933 | D        | Killed the 27-headed Lernaean hydra
  3266 | D        | Noticed a fire giant
  3343 | D        | Killed a fire giant
  3348 | D        | Bought an uncursed ring of protection from fire for 275
                  | gold pieces
  3513 | D        | Noticed a fire giant
  3527 | D        | Killed a fire giant
  3527 | D        | Received a gift from Trog
  3527 | D        | Reached skill level 17 in Axes
  3562 | D        | Noticed a fire giant
  3580 | D        | Killed a fire giant
  3580 | D        | Gained mutation: You are mostly covered in slimy green
                  | scales. (AC +3) [demonic ancestry]
  3580 | D        | Reached XP level 12. HP: 23/105 MP: 3/18
  3972 | D        | Noticed a fire giant
  3981 | D        | Killed a fire giant
  4153 | D        | Gained mutation: Armour fits poorly on your strangely
                  | shaped body. [potion of mutation]
  4153 | D        | Gained mutation: Your magical capacity is low. (-10% MP)
                  | [potion of mutation]
  4153 | D        | Gained mutation: Your magical capacity is very low. (-20%
                  | MP) [potion of mutation]
  4153 | D        | Gained mutation: You have sharp fingernails. [potion of
                  | mutation]
  4155 | D        | Mangled by a lorocyproca

Skill      XL: |  1  2  3  4  5  6  7  8  9 10 11 |
---------------+----------------------------------+-----
Long Blades    | 5 8 11 12 | 12.0
Axes           | 7 9 11 13 15 17 | 17.5
Armour         | 3 5 6 8 10 12 | 12.6
Fighting       | 6 8 10 11 13 | 13.9
Evocations     | 8 |  8.4
Dodging        | |  1.7

Action                   |  1- 3 |  4- 6 |  7- 9 | 10-12 || total
-------------------------+-------+-------+-------+-------++-------
Melee: Falchion          |     9 |     8 |       |       ||    17
       Kick              |       |     6 |    19 |    41 ||    66
       Battleaxe         |       |     7 |    47 |   109 ||   163
Invok: Berserk           |     2 |     1 |       |       ||     3
       Brothers in Arms  |       |       |     1 |       ||     1
       Trog's Hand       |       |       |       |     1 ||     1
Evoke: Lamp of fire      |       |       |       |     1 ||     1
  Use: Scroll            |       |       |       |     1 ||     1
       Potion            |       |       |       |     4 ||     4
 Stab: Sleeping          |       |     1 |       |       ||     1
  Eat: Chunk             |       |     1 |     1 |     4 ||     6
       Ration            |       |       |       |     2 ||     2
Armor: Animal skin       |     2 |       |       |       ||     2
       Leather armour    |       |     1 |       |       ||     1
       Plate armour      |       |     2 |    54 |   164 ||   220
Dodge: Dodged            |     1 |     6 |    20 |    47 ||    74
Block: Other             |       |       |       |     7 ||     7
       Rpst.: Falchion   |     1 |       |       |       ||     1
